Map: Orbital Shipyard

Players

KrzyMal - Winner!

  • Race: Protoss Protoss
  • League: Master

ProtossImba

  • Race: Protoss Protoss
  • League: Diamond

VOD

Have the link to the VOD?

Description

Time

  • Played on: Feb. 22, 2016, 9:01 p.m.
  • Length: 18:03
Show
View Real Time Build Order
Export as new Build Order

KrzyMal Protoss - Winner!

Build Orders: 1 Gate Expand, Phoenix Opening 

Get SALT Encoding   

  12  0:01  Probe (Chrono Boost)  
  13  0:11  Probe (Chrono Boost)  
  14  0:18  Pylon  
  14  0:22  Probe (Chrono Boost)  
  15  0:36  Probe (Chrono Boost)  
  15  0:37  Gateway  
  16  0:46  Probe (Chrono Boost)  
  18  0:57  Probe (Chrono Boost)  
  18  1:14  Nexus  
  18  1:21  Gateway  
  18  1:25  Assimilator  
  18  1:35  Assimilator  
  18  1:38  Cybernetics Core  
  18  1:41  Probe (Chrono Boost)  
  19  1:51  Pylon  
  19  1:52  Probe (Chrono Boost)  
  20  2:02  Probe (Chrono Boost)  
  21  2:13  Probe (Chrono Boost)  
  21  2:14  Adept  
  21  2:15  Adept  
  26  2:24  Probe (Chrono Boost)  
  26  2:26  Probe (Chrono Boost)  
  28  2:33  Stargate  
  28  2:36  Probe (Chrono Boost)  
  29  2:38  Probe (Chrono Boost)  
  30  2:45  Warp Gate (Chrono Boost)  
  30  2:46  Probe  
  30  2:47  Probe  
  32  2:54  Stalker  
  34  3:01  Stalker  
  34  3:03  Probe  
  34  3:05  Probe  
  38  3:17  Pylon  
  38  3:31  Phoenix (Chrono Boost)  
  38  3:33  Probe  
  36  3:35  Probe  
  36  3:38  Assimilator  
  38  3:43  Assimilator, Robotics Facility  
  38  3:56  Probe  
  38  3:57  Phoenix (Chrono Boost), Probe  
  42  4:06  Probe  
  42  4:09  Probe  
  44  4:17  Probe  
  44  4:19  Phoenix (Chrono Boost)  
  44  4:21  Probe  
  48  4:27  Probe  
  48  4:30  Pylon, Observer  
  50  4:34  Mothership Core  
  50  4:38  Probe  
  53  4:48  Phoenix (Chrono Boost), Probe  
  53  4:49  Pylon  
  56  4:53  Immortal (Chrono Boost)  
  56  4:55  Probe  
  56  4:59  Probe  
  62  5:07  Probe  
  62  5:09  Phoenix (Chrono Boost)  
  62  5:14  Gateway  
  65  5:15  Gateway  
  65  5:29  Probe  
  65  5:32  Immortal (Chrono Boost)  
  70  5:38  Gateway x2  
  70  5:41  Pylon  
  70  5:43  Pylon  
  70  5:46  Phoenix  
  66  5:57  Probe x2 (Chrono Boost)  
  68  6:06  Nexus  
  68  6:08  Probe x2 (Chrono Boost)  
  68  6:09  Pylon  
  70  6:19  Probe (Chrono Boost)  
  70  6:23  Immortal  
  75  6:29  Twilight Council  
  75  6:32  Forge  
  75  6:39  Void Ray  
  79  7:00  Gateway x2  
  79  7:05  Photon Cannon  
  79  7:08  Photon Cannon  
  79  7:11  Protoss Ground Weapons Level 1 (Chrono Boost)  
  79  7:16  Pylon  
  79  7:17  Charge (Chrono Boost)  
  79  7:19  Templar Archives  
  79  7:22  Probe  
  79  7:23  Probe  
  79  7:27  Probe  
  82  7:32  Probe  
  82  7:35  Warp Prism  
  85  7:49  Photon Cannon  
  85  7:57  Assimilator  
  85  8:01  Assimilator  
  85  8:02  Probe  
  85  8:04  Probe x2, Forge  
  88  8:06  High Templar x2  
  88  8:07  High Templar x3  
  88  8:09  High Templar  
  88  8:10  Archon  
  88  8:11  Archon  
  100  8:13  Probe  
  100  8:14  Archon  
  100  8:16  Probe x2  
  103  8:23  Probe  
  103  8:25  Pylon  
  104  8:27  Pylon  
  104  8:28  Probe x2  
  104  8:29  Pylon  
  106  8:36  Protoss Ground Armor Level 1 (Chrono Boost)  
  106  8:45  High Templar x2  
  106  8:46  Zealot x4  
  106  8:47  Zealot x2  
  122  8:51  Archon  
  122  9:15  Blink  
  122  9:16  Nexus  
  122  9:17  Pylon  
  122  9:18  Protoss Ground Weapons Level 2 (Chrono Boost)  
  122  9:34  High Templar x2  
  122  9:35  Zealot x3  
  122  9:36  Zealot  
  122  9:37  High Templar x2  
  138  9:40  Archon  
  138  9:41  Archon  
  138  9:47  Gateway  
  138  9:49  Gateway  
  138  9:51  Assimilator, Gateway  
  138  9:53  Assimilator  
  138  9:54  Gateway  
  138  9:57  Pylon  
  138  9:58  Pylon  
  138  10:01  Pylon  
  138  10:03  Pylon  
  138  10:13  High Templar  
  138  10:14  Zealot, High Templar  
  142  10:15  Zealot x2  
  142  10:16  Zealot x2  
  142  10:18  Archon  
  146  10:31  Probe x2, Protoss Ground Armor Level 2 (Chrono Boost)  
  146  10:32  Probe  
  146  10:33  Probe  
  150  10:42  Probe x2  
  150  10:44  Probe  
  150  10:45  High Templar, Probe  
  150  10:46  High Templar x2  
  150  10:48  Zealot x4, High Templar  
  170  10:50  Archon  
  170  10:52  Archon, Probe  
  170  10:53  Probe  
  170  10:56  Probe  
  173  10:57  Probe  
  173  10:59  Gateway  
  173  11:00  Gateway  
  174  11:09  Photon Cannon  
  174  11:14  Photon Cannon  
  174  11:18  Pylon  
  174  11:38  Zealot x3  
  174  11:39  Zealot x5  
  182  11:40  Zealot x3  
  100  12:03  High Templar  
  100  12:04  High Templar x7  
  100  12:07  Protoss Ground Weapons Level 3 (Chrono Boost)  
  89  12:19  Archon x3  
  89  12:20  Archon  
  89  12:21  Zealot x4  
  89  12:22  Zealot x2  
  101  12:28  Probe  
  101  12:35  Immortal (Chrono Boost)  
  106  12:44  Robotics Facility  
  106  12:46  Protoss Ground Armor Level 3 (Chrono Boost), Robotics Bay  
  106  12:50  Zealot x6  
  106  12:51  Zealot x6  
  122  12:52  Zealot  
  130  13:07  Zealot  
  130  13:11  High Templar  
  130  13:12  High Templar x3  
  140  13:13  Zealot x4  
  140  13:14  Zealot x2  
  140  13:16  High Templar  
  140  13:17  Zealot, High Templar  
  158  13:20  Archon x3  
  144  13:35  Zealot x7  
  132  14:05  High Templar  
  132  14:06  High Templar x3  
  132  14:07  High Templar  
  132  14:08  High Templar  
  144  14:10  Zealot  
  144  14:11  Zealot x6  
  144  14:13  Archon x2  
  144  14:14  Archon, Nexus  
  144  14:15  Pylon  
  158  14:17  Pylon  
  158  14:20  Assimilator  
  158  14:25  Immortal, Assimilator  
  158  14:30  Immortal  
  166  14:47  High Templar  
  166  14:48  High Templar x3  
  166  14:49  Zealot x2  
  166  14:50  Zealot, Nexus  
  166  14:52  Archon x2  
  180  14:53  Pylon  
  180  14:56  Assimilator  
  180  15:01  Assimilator  
  180  15:02  Observer  
  171  15:09  Observer  
  171  15:11  Zealot x2  
  171  15:12  Zealot x6  
  152  15:17  Zealot x2  
  132  15:21  Zealot x3  
  132  15:22  Zealot  
  88  15:37  High Templar  
  88  15:38  High Templar x2  
  88  15:39  Zealot, High Templar  
  88  15:40  Zealot x5  
  106  15:43  Archon x2  
  106  15:52  High Templar x2  
  106  15:53  Zealot x2  
  106  15:56  Archon  
  113  16:02  High Templar  
  113  16:03  Zealot x3, High Templar  
  113  16:04  Zealot  
  125  16:07  Archon  
  125  16:11  Zealot x4, Protoss Shields Level 1 (Chrono Boost)  
  133  16:21  Zealot x2  
  137  16:30  High Templar  
  137  16:31  Zealot x3, High Templar  
  137  16:32  Zealot x2  
  149  16:35  Archon  
  149  16:45  Zealot x2, High Templar x2  
  149  16:46  Zealot  
  159  16:49  Archon  
  159  16:57  Nexus  
  159  17:00  Pylon  
  159  17:12  Probe  
  160  17:20  High Templar  
  160  17:21  Zealot x3, High Templar  
  170  17:23  Probe  
  165  17:37  High Templar x2  
  165  17:38  Zealot x2  
  167  17:47  Archon, Assimilator  
  167  17:48  Archon  
  145  17:53  Assimilator  
  145  17:56  Zealot x4  
Show
View Real Time Build Order
Export as new Build Order

ProtossImba Protoss 

Build Orders: 1 Gate Expand, Dark Templar Rush 

Get SALT Encoding   

  12  0:01  Probe (Chrono Boost)  
  13  0:11  Probe (Chrono Boost)  
  14  0:18  Pylon  
  14  0:22  Probe (Chrono Boost)  
  15  0:36  Probe (Chrono Boost)  
  15  0:37  Gateway  
  16  0:45  Assimilator  
  16  0:47  Probe (Chrono Boost)  
  17  0:59  Probe (Chrono Boost)  
  18  1:09  Probe (Chrono Boost)  
  19  1:23  Nexus  
  19  1:33  Cybernetics Core  
  19  1:37  Probe (Chrono Boost)  
  20  1:47  Probe (Chrono Boost)  
  20  1:51  Pylon  
  21  1:57  Assimilator  
  21  1:58  Probe (Chrono Boost)  
  22  2:10  Mothership Core (Chrono Boost), Adept  
  22  2:14  Warp Gate  
  26  2:25  Gateway  
  26  2:28  Probe (Chrono Boost)  
  27  2:36  Probe (Chrono Boost)  
  28  2:39  Probe (Chrono Boost)  
  29  2:47  Probe (Chrono Boost)  
  30  2:52  Twilight Council  
  30  2:53  Probe (Chrono Boost)  
  30  2:57  Probe (Chrono Boost)  
  32  3:01  Stalker  
  32  3:04  Probe (Chrono Boost)  
  35  3:09  Probe (Chrono Boost)  
  36  3:15  Probe (Chrono Boost)  
  36  3:16  Stalker  
  38  3:22  Probe (Chrono Boost)  
  38  3:25  Probe (Chrono Boost)  
  36  3:33  Probe (Chrono Boost)  
  35  3:36  Probe (Chrono Boost)  
  35  3:37  Dark Shrine  
  36  3:43  Probe (Chrono Boost)  
  36  3:45  Pylon  
  36  3:46  Probe (Chrono Boost)  
  38  3:54  Probe (Chrono Boost)  
  39  3:57  Probe (Chrono Boost)  
  40  4:04  Probe (Chrono Boost)  
  40  4:07  Pylon, Probe (Chrono Boost)  
  42  4:10  Robotics Facility  
  42  4:15  Probe (Chrono Boost)  
  43  4:18  Assimilator, Probe (Chrono Boost)  
  44  4:26  Probe (Chrono Boost)  
  44  4:28  Probe (Chrono Boost)  
  44  4:29  Stalker  
  48  4:34  Assimilator  
  48  4:36  Probe (Chrono Boost)  
  49  4:39  Probe (Chrono Boost)  
  50  4:47  Probe (Chrono Boost)  
  50  4:50  Dark Templar  
  53  4:54  Gateway  
  53  4:57  Forge, Dark Templar  
  55  5:00  Observer  
  55  5:01  Probe (Chrono Boost)  
  55  5:06  Probe (Chrono Boost)  
  58  5:07  Gateway  
  58  5:11  Pylon  
  58  5:12  Probe (Chrono Boost)  
  59  5:16  Probe (Chrono Boost)  
  60  5:30  Protoss Ground Weapons Level 1 (Chrono Boost), Immortal, Pylon  
  60  5:33  Stalker  
  66  5:41  Blink (Chrono Boost)  
  66  5:44  Stalker  
  66  5:45  Probe  
  65  6:00  Stalker x2  
  65  6:02  Probe  
  70  6:04  Pylon  
  70  6:09  Photon Cannon  
  70  6:11  Stalker  
  72  6:16  Immortal  
  76  6:34  Stalker  
  76  6:35  Probe  
  76  6:36  Probe  
  76  6:37  Nexus  
  80  6:45  Pylon  
  80  6:49  Stalker  
  80  6:50  Pylon  
  80  6:52  Sentry  
  84  6:54  Sentry  
  86  7:01  Probe  
  86  7:03  Observer, Pylon, Probe  
  89  7:15  Gateway  
  89  7:16  Gateway  
  89  7:17  Probe  
  89  7:18  Probe  
  91  7:24  Immortal (Chrono Boost)  
  91  7:29  Protoss Ground Weapons Level 2  
  95  7:33  Templar Archives  
  95  7:34  Probe  
  95  7:35  Probe  
  97  7:41  Stalker  
  97  7:43  Sentry  
  101  7:46  Stalker  
  103  7:51  Probe  
  103  7:53  Probe  
  103  7:56  Immortal (Chrono Boost)  
  109  8:01  Psionic Storm  
  109  8:03  Probe  
  110  8:10  Probe  
  110  8:11  Probe  
  112  8:14  Probe  
  113  8:20  Assimilator  
  113  8:21  Assimilator  
  113  8:25  Zealot x3, High Templar  
  113  8:26  Zealot, Probe  
  123  8:28  Probe  
  124  8:37  Photon Cannon  
  124  8:44  Photon Cannon  
  124  8:45  High Templar  
  124  8:49  Pylon  
  124  8:50  Pylon  
  124  8:51  Pylon  
  124  8:53  Archon  
  123  9:11  High Templar x2, Adept x2  
  123  9:12  Adept  
  123  9:13  Immortal  
  123  9:15  Archon  
  137  9:27  Forge  
  135  9:34  Zealot x4  
  143  9:42  Mothership Core  
  146  9:45  Probe x2  
  146  9:50  Nexus, High Templar  
  146  9:51  Pylon x2  
  149  9:56  Gateway  
  149  9:58  Gateway  
  149  10:00  Gateway  
  149  10:06  Pylon, Observer  
  149  10:07  Probe  
  149  10:08  Gateway  
  149  10:09  Gateway  
  149  10:12  Gateway  
  150  10:30  Nexus, Pylon  
  150  10:32  Pylon  
  150  10:33  Protoss Ground Armor Level 1 (Chrono Boost), Pylon x4  
  150  10:39  Pylon  
  150  10:43  Immortal  
  154  10:55  Protoss Ground Weapons Level 3 (Chrono Boost)  
  154  10:59  High Templar  
  154  11:00  High Templar x5  
  165  11:07  Archon x3  
  165  11:12  Adept x4  
  165  11:18  Warp Prism  
  173  11:21  Nexus  
  173  11:22  Pylon x2  
  173  11:46  Stalker x5  
  125  11:54  Zealot  
  125  11:57  Zealot x2  
  109  12:10  Pylon  
  109  12:17  High Templar x4  
  109  12:18  Zealot x4  
  109  12:20  Probe  
  109  12:22  Probe  
  125  12:33  Pylon  
  125  12:37  Immortal  
  125  12:39  Stalker x4  
  137  12:47  Protoss Ground Armor Level 2 (Chrono Boost)  
  137  12:50  Zealot x3, High Templar x2  
  147  12:55  Archon  
  147  12:56  Assimilator  
  147  12:57  Assimilator  
  147  13:06  Stalker x2  
  147  13:07  Stalker x2  
  147  13:11  Immortal  
  159  13:30  Archon  
  135  13:40  High Templar x3  
  119  13:42  Zealot x6  
  119  13:47  Archon  
  127  13:50  Assimilator  
  127  13:52  Assimilator, Immortal  
  131  14:05  Gateway  
  131  14:06  Zealot, Gateway  
  131  14:07  Zealot x5  
  131  14:08  Gateway  
  143  14:10  Gateway  
  143  14:15  High Templar x2  
  147  14:21  Photon Cannon x2  
  147  14:27  High Templar x2  
  147  14:28  Zealot  
  147  14:29  Zealot x4  
  147  14:30  Archon, Immortal  
  163  14:49  Dark Templar  
  163  14:50  Dark Templar  
  163  14:51  Zealot x3  
  163  14:52  Zealot  
  171  15:07  Dark Templar x3  
  171  15:12  Archon x3  
  171  15:13  Archon  
  137  15:14  Zealot x2  
  137  15:18  Stalker  
  137  15:19  Stalker x2  
  120  15:25  Zealot x2  
  106  15:32  Immortal  
  92  15:40  High Templar x2  
  92  15:42  Probe  
  100  15:44  Probe x2  
  103  15:57  Archon  
  103  16:01  High Templar  
  103  16:02  High Templar, Dark Templar  
  109  16:09  Archon  
  109  16:10  Zealot x3  
  115  16:37  High Templar x4  
  123  16:52  High Templar x2  
  123  16:54  Archon x2  
  127  16:57  Archon, Nexus  
  127  17:00  Stalker x2  
  131  17:02  Nexus  
  131  17:03  Pylon, Observer  
  132  17:15  Probe  
  132  17:16  Probe  
  132  17:17  Probe x2  
  136  17:33  Zealot x2, Dark Templar x2  
  142  17:49  Zealot x4  
Tags
 
Add a new tag
Caveats
  • Supply blocks, unpowered buildings, or Contaminate may cause inaccurate times.
  • Supply counts are checked every 10 seconds.